 Dungeon Crawl Stone Soup version 0.27.1 (webtiles) character file.

Game seed: 7397225987566666625

63 hawla the Sneak (level 3, -11/22 HPs)
             Began as a Deep Elf Delver on Aug 31, 2021.
             Shot with an arrow by a centaur (12 damage)
             ... on level 3 of the Dungeon.
             The game lasted 00:11:01 (3855 turns).

hawla the Sneak (Deep Elf Delver)                   Turns: 3855, Time: 00:11:01

Health: -11/22     AC:  4    Str:  9    XL:     3   Next: 87%
Magic:  6/6        EV: 12    Int: 15    God:
Gold:   60         SH:  0    Dex: 16    Spells: 3/4 levels left

rFire    . . .     SeeInvis .   e - +2 dagger (drain)
rCold    . . .     Faith    .   (no shield)
rNeg     . . .     Spirit   .   b - +0 leather armour
rPois    .         Reflect  .   (no helmet)
rElec    .         Harm     .   i - +0 cloak
rCorr    .         Rampage  .   (no gloves)
Will     .....                  (no boots)
Stlth    +++.......             (no amulet)
HPRegen  0.07/turn              (no ring)
MPRegen  0.10/turn              (no ring)

@: hasted, very quick
A: no striking features
a: no special abilities


You were on level 3 of the Dungeon.
You visited 1 branch of the dungeon, and saw 5 of its levels.

You collected 60 gold pieces.

Inventory:

Hand Weapons
 e - a +2 dagger of draining (weapon)
Armour
 b - a +0 leather armour (worn)
 i - a +0 cloak (worn)
Wands
 g - a wand of digging (2)
Scrolls
 a - a scroll of amnesia {unknown}
 c - a scroll of fog
 d - a scroll of magic mapping
 h - a scroll of blinking {unknown}
 j - a scroll of enchant weapon {unknown}
 k - a scroll of identify {unknown}


   Skills:
 + Level 2.6 Fighting
 + Level 2.5 Short Blades
 + Level 3.0 Dodging
 + Level 6.8 Stealth
 + Level 1.3 Spellcasting
 + Level 0.2 Necromancy


You had 3 spell levels left.
You knew the following spells:

 Your Spells              Type           Power      Damage    Failure   Level
a - Animate Skeleton      Necr           2%         N/A       30%         1

Your spell library contained the following spells:

 Spells                   Type           Power      Damage    Failure   Level
 Apportation              Tloc           0%         N/A       34%         1
 Corona                   Hex            0%         N/A       34%         1
 Summon Small Mammal      Summ           0%         N/A       34%         1


Dungeon Overview and Level Annotations

Branches:
Dungeon (5/15)
 Temple: D:4-7

Altars:

Annotations:
D:2 Sigmund


Message History

[the floor.]
You see here a staff of cold.
You now have 60 gold pieces (gained 17).
You open the door.
There is an open door here.
You open the door.
A ball python is nearby!
There is an open door here.
No target in view!
A ball python is nearby!
A ball python is nearby!
A centaur comes into view.
You catch the helpless ball python completely off-guard!
You impale the ball python!!
You kill the ball python!
The centaur shouts!
The centaur wields a +0 shortbow.
The centaur shoots an arrow.
The arrow hits you!
Ouch! That really hurt!
The centaur shoots an arrow.
The arrow hits you.
* * * LOW HITPOINT WARNING * * *
The centaur shoots an arrow.
The arrow completely misses you.
The centaur shoots an arrow.
The arrow barely misses you.
There is an open door here.
You close the door.
You start resting.
A centaur opens the door.
It is wielding a +0 shortbow.
The centaur unwields a +0 shortbow.
The centaur barely misses you. x2
The centaur hits you.
* * * LOW HITPOINT WARNING * * *
The centaur kicks you.
* * * LOW HITPOINT WARNING * * *
There is an open door here.
You feel yourself speed up. The centaur closely misses you.
The centaur barely misses you.
The centaur wields a +0 shortbow.
The centaur shoots an arrow.
The arrow hits you but does no damage.
The centaur shoots an arrow.
The arrow hits you!
Ouch! That really hurt!
You die...

#.#.....##...#############.
#>...........'.#...# #.
#.#...####...#.....# #.
#.#...# #...##....# #####.
#.#...# #...##....###..... .
......####...##....#.......
..........###....#.###.......
.....##...###....#.###.......
.........c'.@................
.....##...###....##.##.......
... #####..............#.#. #
#.....................
#.....................
#.....................
#.)...................
#....################# #....#


You could see a centaur.

Vanquished Creatures
  3 worms (D:2)
  2 dart slugs
  4 endoplasms
  2 giant cockroaches (D:1)
  7 goblins
  4 hobgoblins
  2 jackals (D:1)
  3 quokkas
  5 ball pythons
  6 bats
  2 frilled lizards (D:1)
  4 rats
44 creatures vanquished.

Vanquished Creatures (collateral kills)
  A frilled lizard (D:1)
1 creature vanquished.

Grand Total: 45 creatures vanquished

Notes
Turn   | Place    | Note
-------+----------+-------------------------------------------
     0 | D:5      | hawla the Deep Elf Delver began the quest for the Orb.
     0 | D:5      | Reached XP level 1. HP: 13/13 MP: 3/3
   610 | D:3      | Reached XP level 2. HP: 11/18 MP: 4/4
   998 | D:1      | Found a faded altar of an unknown god.
  1004 | D:1      | Reached skill level 1 in Spellcasting
  1233 | D:1      | Reached XP level 3. HP: 22/22 MP: 6/6
  1446 | D:1      | Learned a level 1 spell: Animate Skeleton
  2197 | D:2      | Noticed Sigmund
  3841 | D:3      | Noticed a centaur
  3852 | D:3      | HP: 1/22 [centaur (1)]
  3855 | D:3      | Shot with an arrow by a centaur

Illustrated notes

Levels and vault maps discovered:
D:1:      shiori_shiawase, layout_basic, basic_ecumenical_altar
D:2:      layout_basic, grunt_ministairs_12, minmay_misc_feat_tower,
          uniq_sigmund
D:3:      layout_basic, mainiacjoe_overflow_boulevard, uniq_crazy_yiuf_cottage
D:4:      layout_cave_pools, eat_drink_and_be_merry_uskayaw,
          kennysheep_cluttered_room, dk_noncrumbling_4, minivault_24
D:5:      layout_basic, minmay_temple_entry_hall, serial_shops, shop,
          uniq_menkaure

Skill      XL: |  1  2  3 |
---------------+----------+-----
Spellcasting   | 1 |  1.3
Dodging        | 3 |  3.0
Fighting       | |  2.6
Short Blades   | |  2.5
Stealth        | |  6.8
Necromancy     | |  0.2

Action                   || total
-------------------------++-------
Melee: Short sword       ||   152
       Dagger            ||    23
 Cast: Animate Skeleton  ||     3
Evoke: Wand              ||     1
  Use: Potion            ||     2
       Scroll            ||     1
 Stab: Sleeping          ||    10
       Distracted        ||     1
Armor: Leather armour    ||    59
Dodge: Dodged            ||   147
